AoeStats
← 我说狂阿七比肥龙强,B站关注狂阿七谢谢喵

MegaRandom

509640450Analyzed
4v4 RM · 5d ago on Sep 27, 2026· 22m 24s· 8 players
Game mode
Random Map
Map size
Large (8 player)
Population
200
Speed
Normal
Resources
Standard
Victory
Conquest
Starting age
Dark Age
Ending age
Imperial Age
RankedLock teamsTeams togetherTeam positionsShared explorationLock speedFull tech treeHidden civsTurbo modeCheats
Victory
Defeat
🇨🇳 Portuguese · China
1059
+17
🇨🇳 Mongols · China
1057
+17
1025
+18
🇨🇭 Mongols · Switzerland
1127
-20
🇹🇷 Saxons · Türkiye
1072
-17
🇪🇨 Malay · Ecuador
1052
-16
🇨🇭 Britons · Switzerland
1032
-15
从不压堡之人
12:23 Feudal Age
16:05 Castle Age
20:43 Imperial Age
19:07 Loom
我怕你审判长?
9:23 Feudal Age
9:53 Double-Bit Axe
9:50 Horse Collar
16:24 Fletching
20:32 Castle Age
19:02 Gold Mining
19:02 Stone Mining
19:45 Padded Archer Armor
21:43 Husbandry
我说狂阿七比肥龙强,B站关注狂阿七谢谢喵
11:47 Feudal Age
16:01 Castle Age
14:00 Double-Bit Axe
14:10 Horse Collar
14:57 Scale Mail Armor
16:07 Forging
18:50 Wheelbarrow
19:41 Bow Saw
20:20 Chain Mail Armor
21:57 Arson
22:14 Squires
洗心革面重新做人TownYan
11:09 Feudal Age
15:20 Castle Age
15:44 Horse Collar
19:56 Scale Barding Armor
Al3tas0
12:09 Feudal Age
10:39 Loom
19:07 Forging
19:03 Scale Barding Armor
frickman
11:02 Feudal Age
10:26 Loom
11:44 Double-Bit Axe
16:57 Castle Age
16:14 Bloodlines
17:47 Forging
19:05 Horse Collar
Kebabs&Roses
7:06 Loom
10:52 Feudal Age
11:30 Double-Bit Axe
16:58 Castle Age
18:12 Fletching
20:38 Bow Saw
21:22 Gold Mining
21:31 Bodkin Arrow
eieieili
9:33 Loom
11:48 Feudal Age
14:02 Fletching
14:13 Padded Archer Armor
18:49 Forging
18:40 Scale Mail Armor
Connection lost

Rejoining the realm…

Still unreachable

The connection could not be restored.

Session expired

The server has moved on; the page needs a fresh start.